 Dungeon Crawl Stone Soup version 0.21-a0-110-g8e1637b (webtiles) character file.

527 Manul the Cutter (level 7, -2/53 HPs)
             Began as a Vampire Abyssal Knight on July 8, 2017.
             Was a Priest of Lugonu.
             Slain by an orc
             ... wielding a +0 mace
              (4 damage)
             ... on level 4 of the Dungeon.
             The game lasted 00:06:34 (5881 turns).

Manul the Cutter (Vampire Abyssal Knight)           Turns: 5881, Time: 00:06:35

Health: -2/53      AC:  5    Str: 11    XL:     7   Next: 2%
Magic:  8/8        EV: 13    Int: 14    God:    Lugonu [***...]
Gold:   176        SH:  0    Dex: 16    Spells: 6/6 levels left

rFire    . . .     SeeInvis +   a - +1 short sword
rCold    + + .     Gourm    .   (no shield)
rNeg     + + .     Faith    .   b - +0 leather armour
rPois    +         Spirit   .   (no helmet)
rElec    .         Reflect  .   m - +0 cloak (curse)
rCorr    .         Harm     .   (no gloves)
MR       .....                  t - +0 pair of boots
Stlth    ++++......             e - amulet of rage
HPRegen  0.08/turn              d - ring of protection from cold
MPRegen  0.11/turn              (no ring)

@: regenerating slowly
A: fangs 3, see invisible, unbreathing
a: Bat Form, Depart the Abyss, Bend Space, Banish, Renounce Religion, Evoke
Berserk Rage


You were on level 4 of the Dungeon.
You worshipped Lugonu.
Lugonu was most pleased with you.
You were very thirsty.

You visited 1 branch of the dungeon, and saw 4 of its levels.
You visited the Abyss 1 time.

You collected 176 gold pieces.

Inventory:

Hand Weapons
 a - a +1 short sword (weapon)
Armour
 b - a +0 leather armour (worn)
 m - a cursed +0 cloak (worn)
 t - a +0 pair of boots (worn)
Jewellery
 d - a ring of protection from cold (left hand)
 e - an amulet of rage (around neck)
 h - an uncursed ring of ice
 k - an uncursed ring of wizardry
 p - an uncursed ring of magical power {unknown}
 s - an uncursed amulet of magic regeneration
Wands
 f - a wand of clouds (0/9)
 o - a wand of random effects (10/48)
Scrolls
 g - 2 scrolls of teleportation
 i - a scroll of identify
 l - 2 scrolls of remove curse
 n - a scroll of fog {unknown}
Potions
 c - 12 potions of blood
 j - a potion of heal wounds
 q - a potion of resistance {unknown}
 r - 2 potions of magic
 u - a potion of lignification {unknown}
 v - a potion of curing


   Skills:
 + Level 3.9 Fighting
 + Level 5.1 Short Blades
 + Level 2.4 Armour
 + Level 3.6 Dodging
 + Level 4.3 Stealth
 + Level 1.7 Invocations
 + Level 0.1 Evocations


You had 6 spell levels left.
You didn't know any spells.

Dungeon Overview and Level Annotations

Branches:
Dungeon (4/15)
 Temple: D:4-7

Altars:
Fedhas
Nemelex Xobeh
Zin

Annotations:
D:2 1 runed door


Innate Abilities, Weirdness & Mutations

You heal slowly.
You have razor-sharp teeth.
You have supernaturally acute eyesight. (SInv)
You can survive without breathing.


Message History

You are too injured to fight recklessly!
You are too injured to fight recklessly!
You are too injured to fight recklessly!
You closely miss the orc priest. You bite the orc priest.
You draw the orc priest's blood!
You feel better.
You feel slightly less thirsty.
The orc priest is almost dead.
The orc barely misses you.
The orc priest mumbles some strange prayers to Beogh against you.
Beogh smites you!
* * * LOW HITPOINT WARNING * * *
An orc comes into view. It is wielding a whip.
You hit the orc priest.
You bite the orc priest, but do no damage.
The orc priest is almost dead.
The orc priest calls down the wrath of Beogh upon you.
Beogh smites you!
* * * LOW HITPOINT WARNING * * *
The orc hits you with a mace.
You die...

..........##.# ..
......###.##.# ..#
..###.# #.##.# #..
......# #.##.# ###.#
..##### #.##.###.#.#
..#######.##.##.#.##
...................#
#########.##.##...##
##.# #.#...##@#...#
...# #.#....oo..#.#
...# #.#...##.#.....
...# #.######.######
...# ###.# #.# ...##
#...# #o#
....###.### ..#
........# ###
...####.#


You could see an orc priest and 2 orcs.

Vanquished Creatures
  The ghost of afd the Magician, an amateur OpFE (D:3)
  2 orc wizards (D:3)
  2 bullfrog skeletons (D:4)
  Ijyb (D:2)
  4 gnolls (D:2)
  8 adders
  An ooze (D:1)
  A worm (D:4)
  3 dart slugs
  5 leopard geckos
  5 orcs (D:3)
  12 bats
  6 giant cockroaches
  7 goblins
  8 hobgoblins
  12 jackals
  2 quokkas (D:2)
  2 ball pythons
  6 frilled lizards
  5 kobolds
  7 rats
100 creatures vanquished.

Notes
Turn   | Place    | Note
-------+----------+-------------------------------------------
     0 | Abyss:1  | Manul the Vampire Abyssal Knight began the quest for the Orb.
     0 | Abyss:1  | Reached XP level 1. HP: 17/17 MP: 2/2
    49 | Abyss:2  | Noticed a raiju
    49 | Abyss:2  | Noticed an ancient lich
    52 | D:1      | Escaped the Abyss
    78 | D:1      | Reached XP level 2. HP: 15/23 MP: 3/3
   139 | D:1      | Reached * piety under Lugonu
   551 | D:1      | Reached XP level 3. HP: 19/29 MP: 4/4
  1379 | D:1      | Reached skill level 1 in Armour
  1571 | D:2      | Reached skill level 3 in Short Blades
  2056 | D:2      | Found a glowing silver altar of Zin.
  2147 | D:2      | Reached ** piety under Lugonu
  2321 | D:2      | Reached XP level 4. HP: 35/35 MP: 5/5
  2390 | D:2      | Reached skill level 1 in Stealth
  2572 | D:2      | Found a runed door.
  3188 | D:3      | Noticed Ijyb
  3228 | D:2      | Killed Ijyb
  3228 | D:2      | Reached XP level 5. HP: 36/41 MP: 6/6
  3564 | D:3      | Reached skill level 4 in Short Blades
  4230 | D:3      | Noticed afd's ghost (amateur OpFE)
  4664 | D:3      | Killed afd's ghost
  4664 | D:3      | Reached XP level 6. HP: 48/48 MP: 7/7
  5331 | D:3      | Found a blossoming altar of Fedhas.
  5730 | D:4      | Found a sparkling altar of Nemelex Xobeh.
  5735 | D:4      | Reached *** piety under Lugonu
  5766 | D:4      | Reached skill level 5 in Short Blades
  5800 | D:4      | Reached XP level 7. HP: 47/53 MP: 8/8
  5881 | D:4      | HP: 2/53 [orc priest/divine providence (10)]
  5881 | D:4      | Slain by an orc

Vault maps used:
D:1:      dpeg_arrival_renting
D:2:      zin_academy, uniq_crazy_yiuf_cottage
D:3:      fedhas_altar_4, first_bread, uniq_ijyb
D:4:      cheibrodos_helix_gallery, kennysheep_little_box,
          minmay_temple_entry_trees, portal_sewer_entry_a

Skill      XL: |  1  2  3  4  5  6 |
---------------+-------------------+-----
Fighting       | 3 |  3.9
Armour         | 1 2 |  2.4
Short Blades   | 3 4 5 |  5.1
Stealth        | 1 4 |  4.3
Dodging        | 3 |  3.6
Invocations    | |  1.7
Evocations     | |  0.1

Action                   |  1- 3 |  4- 6 |  7- 9 || total
-------------------------+-------+-------+-------++-------
Melee: Short sword       |   128 |   203 |    28 ||   359
       Bite              |     9 |    24 |     5 ||    38
Invok: Depart the Abyss  |     1 |       |       ||     1
 Abil: Evoke Berserk Rag |       |     1 |       ||     1
Evoke: Wand              |     1 |     3 |       ||     4
  Use: Potion            |     1 |    11 |       ||    12
       Scroll            |     1 |     6 |       ||     7
 Stab: Sleeping          |     5 |    11 |       ||    16
       Distracted        |       |     1 |       ||     1
Armor: Leather armour    |    41 |    38 |     5 ||    84
Dodge: Dodged            |   102 |    99 |    16 ||   217
